 Dungeon Crawl Stone Soup version 0.24.0-2-g5b39cebb1c (webtiles) character file.

Game seed: 10830892898459479482, levelgen mode: deterministic

122791 night the Geomancer (level 16, -7/141 HPs)
             Began as a Grey Draconian Earth Elementalist on Oct 28, 2019.
             Was the Champion of Dithmenos.
             Killed from afar by Arachne (35 damage)
             ... with a bolt of poison
             ... on level 3 of the Spider Nest on Oct 29, 2019.
             The game lasted 03:12:19 (40339 turns).

night the Geomancer (DrEE)                         Turns: 40339, Time: 03:12:20

Health: -7/141     AC: 22    Str: 10    XL:     16   Next: 35%
Magic:  18/40      EV: 14    Int: 23    God:    Dithmenos [******]
Gold:   1986       SH:  5    Dex: 12    Spells: 16/37 levels left

rFire    . . .     SeeInvis .   a - +3 short sword (drain)
rCold    . . .     Gourm    .   L - +0 buckler
rNeg     . . .     Faith    .   (armour unavailable)
rPois    .         Spirit   .   I - +1 hat
rElec    .         Reflect  .   n - +2 cloak {MR+}
rCorr    .         Harm     .   h - +0 pair of gloves
MR       ++...                  X - +2 pair of boots of the Assassin {Detection Stab+ Stlth++}
Stlth    +++++++++.             V - amulet of the acrobat
HPRegen  0.33/turn              e - ring of magical power
MPRegen  0.27/turn              K - ring of wizardry

@: lethally poisoned (-7 -> -72), very slightly contaminated, wreathed by umbra
A: walk through water, unfitting armour, unbreathing, cold-blooded, AC +14
a: Shadow Step, Shadow Form, Renounce Religion


You were on level 3 of the Spider Nest.
You worshipped Dithmenos.
Dithmenos was exalted by your worship.
You were near starving.

You visited 4 branches of the dungeon, and saw 26 of its levels.
You visited 1 bazaar.

You collected 2739 gold pieces.
You spent 753 gold pieces at shops.

Inventory:

Hand Weapons
 a - a +3 short sword of draining (weapon)
 b - a +0 vampiric short sword
 q - the +5 flail of Niqemoas {venom, rN+ Stlth+}
   (You found it on level 14 of the Dungeon)

   It poisons the flesh of those it strikes.
   It protects you from negative energy.
   It makes you more stealthy.
Missiles
 B - 507 stones (quivered)
Armour
 h - a +0 pair of gloves (worn)
 n - a +2 cloak of magic resistance (worn)
 I - a +1 hat (worn)
 L - a +0 buckler (worn)
 W - a scarf of resistance
 X - the +2 pair of boots of the Assassin (worn) {Detection Stab+ Stlth++}
   (You found it on level 1 of the Spider Nest)

   It makes you much more stealthy.
Magical Staves
 m - an uncursed staff of wizardry
 Y - an uncursed staff of earth
Jewellery
 e - a ring of magical power (left hand)
 k - an uncursed ring of protection from cold
 r - an uncursed ring of see invisible
 C - an uncursed amulet of regeneration
 K - a ring of wizardry (right hand)
 P - an uncursed ring of stealth
 V - an amulet of the acrobat (around neck)
 Z - an uncursed ring of protection from magic
Wands
 j - a wand of acid (2)
 l - a wand of iceblast (4)
 E - a wand of flame (64)
 G - a wand of polymorph (6)
 Q - a wand of disintegration (9)
 R - a wand of paralysis (6)
Scrolls
 d - 13 scrolls of remove curse
 i - 3 scrolls of fog
 t - 2 scrolls of blinking
 v - 4 scrolls of enchant armour
 x - 2 scrolls of vulnerability
 y - 7 scrolls of teleportation
 H - 7 scrolls of identify
 N - 3 scrolls of enchant weapon
 U - 2 scrolls of magic mapping
Potions
 f - 2 potions of magic
 g - 3 potions of berserk rage
 o - 4 potions of invisibility
 s - 5 potions of haste
 u - 2 potions of brilliance
 w - 3 potions of might
 z - 3 potions of curing
 A - 4 potions of lignification
 D - 3 potions of flight
 F - 4 potions of agility
 J - a potion of cancellation
 M - 3 potions of resistance
 S - 2 potions of heal wounds
Miscellaneous
 O - a crystal ball of energy
 T - a fan of gales (inert)
Comestibles
 c - 28 rations


   Skills:
 + Level 12.7 Fighting
 - Level 8.0 Short Blades
 - Level 4.7 Dodging
 - Level 5.4 Stealth
 - Level 4.0 Shields
 + Level 11.3 Spellcasting
 + Level 10.7 Conjurations
   Level 1.0 Transmutations
 - Level 11.7 Ice Magic
 - Level 7.5 Air Magic
 + Level 13.9 Earth Magic
 * Level 6.4 Evocations


You had 16 spell levels left.
You knew the following spells:

 Your Spells              Type           Power        Failure   Level  Hunger
a - Sandblast             Erth           ######       0%          1    None
b - Stone Arrow           Conj/Erth      ######       1%          3    None
c - Lee's Rapid Deconstr  Erth           ######....   1%          5    ####...
d - Freezing Cloud        Conj/Ice/Air   ######....   4%          6    #####..
e - Mephitic Cloud        Conj/Pois/Air  #####...     1%          3    None
f - Conjure Flame         Conj/Fire      #####...     1%          3    None

Your spell library contained the following spells:

 Spells                   Type           Power        Failure   Level  Hunger
 Corona                   Hex            ##.....      1%          1    None
 Magic Dart               Conj           ####         1%          1    None
 Ensorcelled Hibernation  Hex/Ice        #####.       1%          2    None
 Passwall                 Tmut/Erth      #####...     1%          2    None
 Poisonous Vapours        Pois/Air       ####..       1%          2    None
 Dazzling Spray           Conj/Hex       #####.       1%          3    None
 Petrify                  Tmut/Erth      #####...     1%          4    None
 Blink                    Tloc           N/A          3%          2    None
 Call Imp                 Summ           ##......     3%          2    None
 Slow                     Hex            ##......     3%          2    None
 Confuse                  Hex            ##......     6%          3    None
 Spectral Weapon          Hex/Chrm       ##......     6%          3    None
 Tukima's Dance           Hex            ##......     6%          3    None
 Excruciating Wounds      Chrm/Necr      ##........   45%         5    ####...
 Ring of Flames           Chrm/Fire      ##........   100%        7    #######


Dungeon Overview and Level Annotations

Branches:
Dungeon (15/15)            Temple (0/1) D:5            Lair (6/6) D:9
 Shoals (0/4) Lair:4       Spider (3/4) Lair:2        Slime (0/5) Lair:5
    Orc (2/2) D:9             Elf (0/3) Orc:2        Vaults (0/5) D:14
 Depths (0/5) D:15

Altars:
Dithmenos
Elyvilon
Hepliaklqana
Kikubaaqudgha
Makhleb
Qazlal
Ru
Trog
Wu Jian
Xom
Yredelemnul
Zin
The Shining One
Beogh

Shops:
D:4 =   D:7 %   D:10 }   D:13 %   Orc:1 [   Orc:2 !(%*

Annotations:
D:8 2 transporters, Artagas's ghost, novice OpAE
Lair:4 2 transporters, Fifowuza's ghost, journeyman DrTm
Spider:3 Arachne


Innate Abilities, Weirdness & Mutations

You can walk through water.
Your dull iron-grey scales are very hard. (AC +14)
You cannot fit into any form of body armour.
You can survive without breathing.
You are cold-blooded and may be slowed by cold attacks.


Message History

Arachne hits you but does no damage. Arachne casts a spell at you.
The bolt of poison hits you.
You are lethally poisoned!
* * * LOW HITPOINT WARNING * * *
Casting: Stone Arrow (safe; 1% risk of failure)
Confirm with . or Enter, or press ? or * to list all spells.
Aiming: Lee's Rapid Deconstruction (safe; 1% risk of failure)
Press: ? - help, Dir - move target cursor, p - Arachne A rock wall.
This square is wreathed by an umbra.
The wall shatters!
The blast of rock fragments hits Arachne!!
Arachne is severely wounded.
* * * LOW HITPOINT WARNING * * *
You feel very sick.
Arachne stares at you and mumbles some strange words.
The bolt of poison hits you!!
You are more poisoned.
You die...

..# ≈≈≈≈≈#≈≈## #### ##≈≈≈≈≈^#.#
.#.## #≈#...#s.. ....# ##### ####
#≈...H#.. ...####.#.##
##§§###≈#....H. ##[.##.....#
#§§§§#..#.....### .#..#....###
##§.§§..#.%.###^#. ###.#.#....#
##^H#.§.###........ ##..#.#....#
#.@.#§###.#........
^#..#...†######.†#####^.##...#.#.
....#.^..#...##.^.###..†...### #
#...##...#....#>..^##..^....#
.........#...##.#..^#..#.#.##
..#...^.......###....†######
.#.###....#####.#....^#
.#....^#...#...[..##### ####
.#^^<..#.............#####..##


You could see Arachne.

Vanquished Creatures
  Rupert (D:13)
  Kirke (D:14)
  Donald (Spider:3)
  A ghost moth (Spider:1)
  An orc warlord (Orc:2)
  Louise (D:15)
  3 emperor scorpions
  An entropy weaver (Spider:3)
  Azrael (D:15)
  Nessos (D:14)
  Snorg (D:14)
  A fire dragon (D:15)
  4 vault guards (D:14)
  A rakshasa (D:15)
  An ice dragon (D:15)
  Harold (D:11)
  4 centaur warriors (D:15)
  A death knight (D:15)
  5 hydras
  2 catoblepae
  A deep troll shaman (Lair:6)
  4 death yaks (Lair:6)
  4 two-headed ogres
  3 orc high priests (Orc:2)
  A tengu warrior (D:14)
  Nergalle (D:10)
  Urug (Lair:6)
  Sonja (D:13)
  4 skeletal warriors (D:12)
  3 unseen horrors
  7 orb spiders
  2 ugly things
  5 orc knights
  12 slime creatures
  15 wolf spiders
  7 orc sorcerers
  7 cyclopes
  A moth of wrath (Spider:2)
  2 manticores
  An eye of devastation (Lair:5)
  8 elephants
  2 black mambas
  3 gargoyles
  8 spiny frogs
  2 torpor snails
  5 komodo dragons
  A rime drake (Lair:5)
  6 demonic crawlers
  2 ice devils (D:13)
  2 kobold demonologists
  A freezing wraith (D:15)
  5 trolls
  2 queen bees (D:11)
  3 meliai
  7 hornets
  20 jumping spiders
  7 polar bears
  Grinder (D:4)
  8 blink frogs (Lair:4)
  9 hippogriffs
  71 redbacks
  A shadow (D:15)
  A vampire (D:10)
  7 wraiths
  Eustachio (D:6)
  22 tarantellas
  3 wyverns
  3 basilisks
  4 fire elementals (D:15)
  A golden eye (shapeshifter) (D:15)
  42 yaks
  A hungry ghost (D:8)
  5 vampire mosquitoes
  A warg (Orc:1)
  An acid dragon (D:12)
  A soldier ant (D:13)
  A floating eye (shapeshifter) (D:14)
  3 hell hounds (D:15)
  7 porcupines
  10 water moccasins
  Duvessa (D:6)
  6 ice beasts
  A black bear (D:9)
  27 orc warriors
  3 phantoms
  A sky beast (D:7)
  2 eyes of draining
  16 wolves
  9 ogres
  3 centaurs
  5 crocodiles
  13 bullfrogs
  2 big kobolds (D:13)
  Dowan (D:6)
  8 scorpions
  38 killer bees
  24 wights
  8 howler monkeys
  4 electric eels
  4 centaur zombies
  6 crimson imps
  A bullfrog zombie (D:7)
  11 hounds
  Crazy Yiuf (D:6)
  5 bullfrog skeletons
  4 jellies
  20 orc priests
  4 centaur skeletons
  3 iguanas
  21 orc wizards
  13 worker ants
  6 hell rats (Lair:3)
  A bullfrog simulacrum (D:13)
  2 hound skeletons
  2 howler monkey zombies
  A gnoll (D:1)
  A howler monkey skeleton (D:5)
  4 adders
  2 shadow imps
  An ufetubus (D:13)
  An ooze (D:6)
  An adder skeleton (D:9)
  2 dart slugs (D:4)
  4 leopard geckos
  105 orcs
  4 giant cockroaches
  9 goblins
  9 hobgoblins
  10 jackals
  5 quokkas
  A ball python (D:1)
  13 bats
  5 frilled lizards
  18 kobolds
  2 leopard gecko skeletons
  A leopard gecko zombie (D:8)
  A quokka skeleton (D:9)
  5 rats
884 creatures vanquished.

Vanquished Creatures (collateral kills)
  Gastronok (Lair:1)
  A vampire mosquito (D:15)
2 creatures vanquished.

Vanquished Creatures (others)
  Agnes (D:15)
  An ogre mage (D:15)
  A centaur warrior (D:15)
  4 two-headed ogres (D:15)
  An orc knight (D:15)
  2 gargoyles (D:15)
  A tengu conjurer (D:15)
  A troll (D:15)
  A hippogriff (D:14)
  A wraith (D:14)
  A vampire mosquito (D:15)
  A soldier ant (D:15)
  3 orc warriors (D:15)
  5 ogres
  4 humans
  A centaur (D:15)
  A bullfrog (D:14)
  An orc priest (D:15)
  An orc wizard (D:15)
  4 orcs (D:15)
  A fungus (Spider:1)
  6 plants
43 creatures vanquished.

Grand Total: 929 creatures vanquished

Notes
Turn   | Place    | Note
-------+----------+-------------------------------------------
     0 | D:1      | night the Draconian Earth Elementalist began the quest for
                  | the Orb.
     0 | D:1      | Reached XP level 1. HP: 14/14 MP: 3/3
   387 | D:1      | Reached XP level 2. HP: 14/22 MP: 5/5
   391 | D:1      | Reached skill level 1 in Fighting
  1028 | D:1      | Reached XP level 3. HP: 26/28 MP: 6/6
  1033 | D:1      | Learned a level 3 spell: Stone Arrow
  1698 | D:2      | Found an ornate altar of the Wu Jian Council.
  1787 | D:2      | Found a bloodstained altar of Trog.
  1894 | D:2      | Found a shadowy altar of Dithmenos.
  1953 | D:2      | Became a worshipper of Dithmenos the Shadowed
  2088 | D:2      | Reached XP level 4. HP: 24/36 MP: 3/8
  2608 | D:3      | Learned a level 2 spell: Passwall
  2638 | D:3      | Found a glowing golden altar of the Shining One.
  2740 | D:3      | Reached skill level 4 in Earth Magic
  2847 | D:3      | Found an ancient bone altar of Kikubaaqudgha.
  2848 | D:3      | Noticed a human
  2851 | D:3      | Killed a human
  3121 | D:3      | Found a basalt altar of Yredelemnul.
  3459 | D:3      | Found a white marble altar of Elyvilon.
  3643 | D:4      | Noticed Grinder
  3657 | D:4      | Paralysed by Grinder for 5 turns
  3668 | D:4      | Killed Grinder
  3668 | D:4      | Reached XP level 5. HP: 10/46 MP: 0/10
  3668 | D:4      | Reached XP level 6. HP: 12/52 MP: 0/11
  4263 | D:3      | Reached skill level 5 in Earth Magic
  4360 | D:3      | Found a shimmering altar of Xom.
  4375 | D:4      | Reached * piety under Dithmenos
  4575 | D:4      | Your scales start taking on a dull iron-grey colour.
  4575 | D:4      | Reached skill level 6 in Earth Magic
  4575 | D:4      | Reached XP level 7. HP: 60/60 MP: 6/13
  4575 | D:4      | Gained mutation: You can survive without breathing. [Grey
                  | Draconian growth]
  4582 | D:4      | Learned a level 5 spell: Lee's Rapid Deconstruction
  4830 | D:4      | Found Wothuuck's Jewellery Shoppe.
  5258 | D:5      | Entered Level 5 of the Dungeon
  5327 | D:5      | Reached skill level 5 in Fighting
  5439 | D:5      | Found a staircase to the Ecumenical Temple.
  6002 | D:6      | Found a stormy altar of Qazlal.
  6008 | D:6      | Reached skill level 5 in Spellcasting
  6008 | D:6      | Reached skill level 7 in Earth Magic
  6310 | D:6      | Reached XP level 8. HP: 55/69 MP: 11/15
  6514 | D:6      | Reached ** piety under Dithmenos
  6677 | D:6      | Reached skill level 8 in Earth Magic
  6728 | D:6      | Found a hazy altar of Hepliaklqana.
  6829 | D:6      | Noticed Eustachio
  6832 | D:6      | Noticed Duvessa
  6837 | D:6      | Noticed Dowan
  6848 | D:6      | Killed Duvessa
  6852 | D:6      | Killed Eustachio
  6856 | D:6      | Killed Dowan
  7175 | D:6      | Found a runed translucent door.
  7176 | D:6      | Noticed Crazy Yiuf
  7182 | D:6      | Killed Crazy Yiuf
  7484 | D:7      | Reached skill level 9 in Earth Magic
  7484 | D:7      | Reached XP level 9. HP: 67/79 MP: 18/18
  7581 | D:7      | Found Lajapnuw's Food Shop.
  7948 | D:7      | Noticed a two-headed ogre
  7953 | D:7      | Killed a two-headed ogre
  8089 | D:8      | Found a transporter.
  8184 | D:8      | Reached *** piety under Dithmenos
  8220 | D:8      | Reached skill level 10 in Earth Magic
  8423 | D:8      | Found a transporter.
  8430 | D:8      | Noticed Artagas's ghost (novice OpAE)
  8453 | D:8      | Found a sacrificial altar of Ru.
  8837 | D:8      | Reached skill level 1 in Short Blades
  8867 | D:8      | Noticed a gargoyle
  8868 | D:8      | Killed a gargoyle
  8868 | D:8      | Reached XP level 10. HP: 83/91 MP: 5/21
  8992 | D:8      | Identified the ring of Nosit {rC+ MR+ Str+3}
  8992 | D:8      | Noticed a brown ugly thing
  9045 | D:8      | Noticed a death knight
  9629 | D:9      | Reached **** piety under Dithmenos
  9651 | D:9      | Found a staircase to the Lair.
  9765 | D:9      | Noticed a two-headed ogre
  9789 | D:9      | Killed a two-headed ogre
  9789 | D:9      | Reached skill level 11 in Earth Magic
  9933 | D:9      | Found a staircase to the Orcish Mines.
 10134 | D:9      | Found a roughly hewn altar of Beogh.
 10593 | D:9      | Found a burning altar of Makhleb.
 10595 | D:9      | Found a glowing silver altar of Zin.
 10595 | D:9      | Noticed an angel
 10596 | D:9      | Noticed a cacodemon
 10794 | D:10     | Entered Level 10 of the Dungeon
 10844 | D:10     | Reached skill level 10 in Fighting
 11013 | D:10     | Found Lynonoyk's Gadget Shoppe.
 11356 | D:10     | Learned a level 3 spell: Mephitic Cloud
 11503 | D:10     | Noticed Nergalle
 11522 | D:10     | Killed Nergalle
 11522 | D:10     | Reached XP level 11. HP: 94/101 MP: 0/24
 11854 | Lair:1   | Entered Level 1 of the Lair of Beasts
 11902 | Lair:1   | Learned a level 3 spell: Conjure Flame
 11955 | Lair:1   | Reached skill level 1 in Conjurations
 12390 | Lair:1   | Noticed Gastronok
 12505 | Lair:1   | Killed Gastronok
 13074 | Lair:2   | Reached skill level 5 in Conjurations
 13204 | Lair:2   | Found a hole to the Spider Nest.
 13494 | Lair:2   | Reached ***** piety under Dithmenos
 14282 | Lair:3   | Reached XP level 12. HP: 107/107 MP: 15/25
 14462 | Lair:3   | Reached skill level 12 in Earth Magic
 15300 | Lair:4   | Noticed Fifowuza's ghost (journeyman DrTm)
 15339 | Lair:4   | Identified a scroll of acquirement
 15358 | Lair:4   | Found a transporter.
 15382 | Lair:4   | Found a transporter.
 15412 | Lair:4   | Found a staircase to the Shoals.
 16232 | Lair:4   | Reached skill level 5 in Short Blades
 16664 | Lair:5   | Noticed a catoblepas
 17354 | Lair:5   | Reached skill level 5 in Stealth
 17369 | Lair:5   | Found a staircase to the Slime Pits.
 17614 | Lair:6   | Entered Level 6 of the Lair of Beasts
 18072 | Lair:6   | Noticed a catoblepas
 18072 | Lair:6   | Noticed a death yak
 18072 | Lair:6   | Noticed a death yak
 18072 | Lair:6   | Noticed a death yak
 18148 | Lair:6   | Reached XP level 13. HP: 116/116 MP: 26/26
 18238 | Lair:6   | Noticed Urug
 18243 | Lair:6   | Killed Urug
 19262 | Lair:6   | Reached skill level 10 in Spellcasting
 19752 | Lair:6   | Identified the Compendium of Augmentations and Execration
 19940 | Lair:6   | Learned a level 6 spell: Freezing Cloud
 20236 | D:11     | Reached skill level 1 in Ice Magic
 20735 | D:11     | Noticed Harold
 20780 | D:11     | Killed Harold
 21046 | D:11     | Reached skill level 5 in Ice Magic
 21085 | D:11     | Reached ****** piety under Dithmenos
 22878 | D:13     | Reached skill level 1 in Air Magic
 23251 | D:13     | Found a glowing golden altar of the Shining One.
 23322 | D:13     | Reached XP level 14. HP: 107/124 MP: 28/28
 23502 | D:13     | Noticed Sonja
 23512 | D:13     | Killed Sonja
 23664 | D:13     | Found Iwkyjaj's Food Shop.
 23763 | D:13     | Noticed Rupert
 23778 | D:13     | Killed Rupert
 24467 | D:14     | Noticed Nessos
 25060 | D:14     | Noticed Snorg
 25068 | D:14     | Killed Snorg
 25139 | D:14     | Killed Nessos
 25426 | D:14     | Noticed Kirke
 25442 | D:14     | Killed Kirke
 25498 | D:14     | Reached skill level 10 in Ice Magic
 25498 | D:14     | Reached skill level 5 in Air Magic
 25561 | D:14     | Got a warped flail
 25562 | D:14     | Identified the +5 flail of Niqemoas {venom, rN+ Stlth+}
                  | (You found it on level 14 of the Dungeon)
 25953 | D:14     | Found a gate to the Vaults.
 26544 | D:14     | Upgraded the game from 0.24.0-1-gfbc8707122 to
                  | 0.24.0-2-g5b39cebb1c
 26598 | D:15     | Entered Level 15 of the Dungeon
 26625 | D:15     | Found a flickering gateway to a bazaar.
 26649 | D:15     | Noticed Louise
 26675 | D:15     | Killed Louise
 26686 | Bazaar   | Entered a bazaar
 26791 | Bazaar   | Found Ulasmyxt's Gadget Shop.
 26802 | Bazaar   | Found Roomizoz's Antique Armour Shop.
 26842 | Bazaar   | Bought a crystal ball of energy for 200 gold pieces
 26842 | Bazaar   | Bought a wand of acid (7) for 220 gold pieces
 26878 | D:15     | Noticed Agnes
 27038 | D:15     | Killed Agnes
 28027 | D:15     | Found a staircase to the Depths.
 28318 | D:15     | Noticed Azrael
 28323 | D:15     | Reached XP level 15. HP: 99/130 MP: 11/29
 28323 | D:15     | Killed Azrael
 28981 | Orc:1    | Entered Level 1 of the Orcish Mines
 29008 | Orc:1    | Found Jaske's Armour Shoppe.
 29591 | Orc:2    | Entered Level 2 of the Orcish Mines
 30559 | Orc:2    | Found a roughly hewn altar of Beogh.
 30759 | Orc:2    | Noticed an orc warlord
 30801 | Orc:2    | Killed an orc warlord
 30958 | Orc:2    | Found a staircase to the Elven Halls.
 31201 | Orc:2    | Reached skill level 13 in Earth Magic
 31642 | Orc:2    | Reached skill level 1 in Evocations
 31896 | Orc:2    | Found Fuock's Distillery.
 31896 | Orc:2    | Found Zaresop's Assorted Antiques.
 31898 | Orc:2    | Found Balumm Jost's Antique Weapon Boutique.
 31898 | Orc:2    | Found Gor Jue's Food Emporium.
 32053 | Orc:2    | Bought a twisted morningstar for 333 gold pieces
 32053 | Orc:2    | Identified the cursed +0 morningstar "Ugaecouk" {crush,
                  | +Fly} (You bought it in a shop on level 2 of the Orcish
                  | Mines)
 32193 | Orc:1    | Found a roughly hewn altar of Beogh.
 32463 | Spider:1 | Entered Level 1 of the Spider Nest
 33321 | Spider:1 | Reached skill level 10 in Conjurations
 33441 | Spider:1 | Killed a ghost moth
 34488 | Spider:1 | Found the +2 pair of boots of the Assassin {Detection Stab+
                  | Stlth++}
 36661 | Spider:2 | Reached XP level 16. HP: 140/140 MP: 19/31
 36834 | Spider:2 | Reached skill level 5 in Evocations
 37133 | Spider:2 | HP: 5/141 [poisoned by a redback]
 38809 | Spider:3 | Noticed Donald
 38830 | Spider:3 | Killed Donald
 40178 | Spider:3 | Noticed Arachne
 40334 | Spider:3 | HP: 5/141 [Arachne/bolt of poison (35)]
 40339 | Spider:3 | Killed from afar by Arachne

Levels and vault maps discovered:
D:1:      eino_arrival_tree_alley, layout_basic, chequers_serial_rivers_small_a
D:2:      layout_loops_cross, old_standard_altar,
          nicolae_dithmenos_shadow_blocks, lemuel_round_altar
D:3:      layout_basic, nicolae_overflow_hidden_temple, lemuel_round_altar,
          kennysheep_ying_yang, tgw_kikubaaqudgha
D:4:      layout_gridville, serial_shops, shop, first_ration, uniq_grinder
D:5:      layout_loops_ring, minmay_temple_entry_overgrown,
          kennysheep_generic_room_10
D:6:      layout_loops_ring, lemuel_round_altar, old_standard_altar,
          hangedman_decor_peaks_small, uniq_eustachio, uniq_duvessa,
          uniq_crazy_yiuf_cottage
D:7:      layout_basic, serial_shops, shop_fountains
D:8:      minmay_the_grid_square_5x5_3x3
          [minmay_the_grid_square_5x5_tetrominoes,
          minmay_the_grid_square_5x5_misaligned, minmay_the_grid_square_5x5_v,
          minmay_the_grid_square_5x5_plus,
          minmay_the_grid_square_5x5_megaprize_crossed,
          minmay_the_grid_square_5x5_hourglass,
          minmay_the_grid_square_5x5_inner_i, minmay_the_grid_square_5x5_slash,
          minmay_the_grid_square_5x5_six_small], layout_rooms, kennysheep_mini,
          gammafunk_ghost_mausoleum, lemuel_another_geyser
D:9:      layout_irregular_city, grunt_temple_overflow_order_and_chaos_2,
          dpeg_oklobed_lair, minmay_orc_entry_temple_small, dk_noncrumbling_3
D:10:     layout_small_grid, serial_shops, nicolae_shop_crystal, uniq_nergalle
D:11:     layout_basic, special_room [special_room_bee], david_nohive_1,
          uniq_harold
D:12:     layout_roguey, chequers_serial_rivers_small_3,
          chequers_serial_rivers_room_b
D:13:     layout_cave_pods, serial_shops, shop, serial_ice, serial_ice_f,
          serial_ice_m, serial_ice_o, serial_ice_d,
          portal_ice_cave_demonic_guard, tso_metal_star, uniq_sonja, uniq_rupert
D:14:     layout_loops_ring, lightli_vaults_fourway_checkpoint, minivault_27,
          uniq_kirke, uniq_nessos, uniq_snorg
D:15:     grunt_enter_depths_hoard, layout_basic, serial_shops, freezing_bzr,
          uniq_louise, uniq_agnes, uniq_azrael
Lair:1:   layout_roguey, serial_rivers, chequers_serial_rivers_small_b,
          chequers_serial_rivers_micro_b, chequers_serial_rivers_small_b,
          chequers_serial_rivers_micro_c, chequers_serial_rivers_small_a,
          chequers_serial_rivers_micro_a, uniq_gastronok
Lair:2:   layout_chaotic_city, spider_nest_entry_a
Lair:3:   layout_cave_shapes, infiniplex_staircase_pool_2, lemuel_fruit_fields
Lair:4:   layout_hall_layers, elwin_shoals_entry_rocks,
          gammafunk_ghost_berserking_beasts, serial_bayou_lagoon_b
Lair:5:   layout_hall_layers, minmay_slime_entry_eyes, grunt_megastairs_3
Lair:6:   grunt_lair_end_beastmaster, layout_concentric_octagons,
          columned_hall_lemuel, uniq_urug
Spider:1: spiders_nest_scorpion_pit
Spider:2: layout_spider_delve, nicolae_spider_stair_cavern
Spider:3: layout_spider_delve, uniq_donald, uniq_arachne
Orc:1:    minmay_goldmine, layout_caves, serial_shops, nicolae_shop_trees,
          basic_altar
Orc:2:    grunt_orc_tribal_feast, layout_caves, basic_altar

Skill      XL: |  1  2  3  4  5  6  7  8  9 10 11 12 13 14 15 16 |
---------------+-------------------------------------------------+-----
Fighting       | 1 2 3 4 5 7 9 10 11 12 | 12.7
Spellcasting   | 3 4 5 6 7 9 10 11 | 11.3
Earth Magic    | 4 6 7 9 10 11 12 13 | 13.9
Short Blades   | 1 4 5 6 7 8 |  8.0
Stealth        | 3 5 |  5.4
Conjurations   | 8 9 10 | 10.7
Shields        | 4 |  4.0
Dodging        | 4 |  4.7
Ice Magic      | 8 11 | 11.7
Air Magic      | 2 7 |  7.5
Evocations     | 4 6 |  6.4
Transmutations | |  1.0

Action                   |  1- 3 |  4- 6 |  7- 9 | 10-12 | 13-15 | 16-18 || total
-------------------------+-------+-------+-------+-------+-------+-------++-------
Melee: Unarmed           |   104 |       |       |       |       |       ||   104
       Tailslap          |    13 |     6 |    24 |    80 |   145 |     6 ||   274
       Whip              |    46 |       |       |       |       |       ||    46
       Mace              |    50 |       |       |       |       |       ||    50
       Short sword       |       |    77 |   348 |   760 |  1102 |    78 ||  2365
       Long sword        |       |       |       |    50 |       |       ||    50
       Demon trident     |       |       |       |       |    22 |       ||    22
       Staff             |       |       |       |       |    48 |     2 ||    50
       Flail             |       |       |       |       |     5 |       ||     5
Throw: Stone             |       |       |       |       |     1 |     1 ||     2
 Cast: Sandblast         |    10 |    20 |     6 |    16 |    16 |     6 ||    74
       Stone Arrow       |       |    20 |    65 |   159 |   397 |    79 ||   720
       Passwall          |       |     1 |       |       |       |       ||     1
       Lee's Rapid Decon |       |       |     7 |    47 |    43 |     4 ||   101
       Conjure Flame     |       |       |       |     1 |    27 |     2 ||    30
       Mephitic Cloud    |       |       |       |     1 |    18 |     1 ||    20
       Freezing Cloud    |       |       |       |       |    77 |    18 ||    95
Invok: Shadow Step       |       |       |       |       |       |     1 ||     1
Evoke: Wand              |       |       |       |     2 |    10 |     4 ||    16
       Box of beasts     |       |       |       |     1 |     2 |       ||     3
       Fan of gales      |       |       |       |       |     2 |     1 ||     3
       Crystal ball of e |       |       |       |       |     1 |     1 ||     2
  Use: Potion            |       |     4 |       |     2 |     4 |     4 ||    14
       Scroll            |       |       |    11 |    16 |    11 |     3 ||    41
 Stab: Sleeping          |     3 |       |     7 |    14 |    20 |     3 ||    47
       Distracted        |       |       |       |     1 |     2 |       ||     3
       Confused          |       |       |       |       |     8 |       ||     8
       Invisible         |       |       |       |       |     2 |       ||     2
  Eat: Chunk             |     4 |     6 |    17 |    36 |    56 |     6 ||   125
       Ration            |       |     1 |     1 |     2 |    10 |     3 ||    17
Armor: Skin              |    91 |    27 |   142 |   356 |   602 |    56 ||  1274
Dodge: Dodged            |   225 |    72 |   233 |   564 |   973 |   112 ||  2179
Block: Buckler           |       |       |       |   113 |   273 |    27 ||   413
       Rpst.: Long sword |       |       |       |     3 |       |       ||     3
